 Dungeon Crawl Stone Soup version 0.30.0-10-gfe55d96785 (webtiles) character file.

Game seed: 10548467651099816413

22 Byczy the Chiller (level 2, 0/15 HPs)
             Began as a Deep Elf Ice Elementalist on May 15, 2023.
             Slain by Jessica
             ... wielding a +1 dagger of freezing
              (1 damage)
             ... on level 2 of the Dungeon.
             The game lasted 00:02:16 (651 turns).

Byczy the Chiller (Deep Elf Ice Elementalist)        Turns: 651, Time: 00:02:18

Health: 0/15       AC:  2    Str:  5    XL:     2   Next: 68%
Magic:  4/8        EV: 12    Int: 19    God:
Gold:   42         SH:  0    Dex: 15    Spells: 6/7 levels left

rFire   . . .        e - +1 mace (drain)
rCold   . . .        (no shield)
rNeg    . . .        a - +0 robe
rPois   .            (no helmet)
rElec   .            (no cloak)
rCorr   .            (no gloves)
SInv    .            (no boots)
Will    .....        (no amulet)
Stlth   ++           (no ring)
HPRegen 0.22/turn    (no ring)
MPRegen 0.11/turn

%: no passive effects
@: no status effects
A: no striking features
a: no special abilities


You were on level 2 of the Dungeon.
You visited 1 branch of the dungeon, and saw 2 of its levels.

You collected 42 gold pieces.

Inventory:

Hand Weapons
 d - a +0 lajatang
 e - a +1 mace of draining (weapon)
Armour
 a - a +0 robe (worn)
Potions
 b - a potion of magic
 c - a potion of curing


   Skills:
 + Level 2.5 Dodging
 + Level 2.6 Stealth
 + Level 3.2 Spellcasting
 + Level 5.1 Ice Magic


You had 6 spell levels left.
You knew the following spells:

 Your Spells              Type           Power      Damage    Failure   Level
a - Freeze                Ice            88%        1d9       1%          1

Your spell library contained the following spells:

 Spells                   Type           Power      Damage    Failure   Level
 Frozen Ramparts          Ice            44%        1d7       5%          3
 Ozocubu's Armour         Ice            22%        N/A       5%          3
 Summon Ice Beast         Ice/Summ       12%        N/A       45%         4


Dungeon Overview and Level Annotations

Branches:
Dungeon (2/15)

Altars:

Annotations:
D:2 Jessica


Message History

Really abort (and waste the scroll)? [Y]es or [N]o only, please.
Really abort (and waste the scroll)?
Okay, then.
As you read the scroll labelled XOVIHOUCKU, it crumbles to dust.
It is a scroll of identify.
c - a potion of curing
As you read the scroll labelled ATSE QARGHUKAISSAIB, it crumbles to dust.
It is a scroll of enchant weapon.
Your +0 mace of draining glows red for a moment.
A rat comes into view.
You see here a +0 lajatang.
d - a +0 lajatang Jessica the Apprentice Sorceress comes into view.
She is wielding a +1 dagger of freezing.
You freeze the rat!
You kill the rat!
Jessica shouts!
Jessica mumbles some strange words.
Jessica blinks!
Jessica closely misses you.
You freeze Jessica.
Jessica is lightly wounded.
Jessica mumbles some strange words.
Jessica seems to speed up.
You freeze Jessica.
Jessica is moderately wounded.
Jessica drinks a potion.
Jessica seems to grow stronger.
You freeze Jessica.
Jessica is moderately wounded.
Jessica hits you with a +1 dagger of freezing.
Jessica freezes you.
Jessica hits you with a +1 dagger of freezing.
Jessica freezes you.
You freeze Jessica.
Jessica is severely wounded.
Jessica hits you with a +1 dagger of freezing!
Ouch! That really hurt!
* * * LOW HITPOINT WARNING * * *
Jessica freezes you.
You die...

.......##.##.....
......#..#.######.#
..................#
#.######.#...######
...#...# ### #...#
#...# ######...#
+......@@#
#######†.# ...#
###.# .# .# .. .#


You could see Jessica (fast, strong).

Vanquished Creatures
  2 dart slugs (D:1)
  2 hobgoblins (D:1)
  2 kobolds
  A quokka (D:1)
  2 ball pythons
  A bat (D:1)
  4 frilled lizards
  2 goblins
  3 rats
19 creatures vanquished.

Notes
Turn   | Place    | Note
-------+----------+-------------------------------------------
     0 | D:1      | Byczy the Deep Elf Ice Elementalist began the quest for the
                  | Orb.
     0 | D:1      | Reached XP level 1. HP: 10/10 MP: 6/6
   256 | D:1      | Reached XP level 2. HP: 15/15 MP: 4/8
   429 | D:1      | Reached skill level 5 in Ice Magic
   640 | D:2      | Noticed Jessica
   651 | D:2      | Slain by Jessica

Illustrated notes

Levels and vault maps discovered:
D:1:      dpeg_arrival_fog, layout_basic, chequers_serial_rivers_small_a
D:2:      layout_basic, minmay_goblin_outpost, uniq_sigmund, uniq_jessica

Skill      XL: |  1  2 |
---------------+-------+-----
Ice Magic      | 5 |  5.1
Dodging        | |  2.5
Stealth        | |  2.6
Spellcasting   | |  3.2

Action                     || total
---------------------------++-------
  Melee: Mace              ||     1
   Cast: Freeze            ||    31
    Use: Scroll            ||     4
 Armour: Robe              ||     1
  Dodge: Dodged            ||    10
